 Dungeon Crawl Stone Soup version 0.30-a0-393-g54b8e3be05 (webtiles) character file.

Game seed: 9737002444675879384

881 jlumianski the Chopper (level 7, 0/61 HPs)
             Began as a Minotaur Fighter on Dec 5, 2022.
             Was an Initiate of Qazlal.
             Slain by a cyclops (18 damage)
             ... created by the fury of Okawaru
             ... on level 5 of the Dungeon.
             The game lasted 00:16:19 (3365 turns).

jlumianski the Chopper (Minotaur Fighter)           Turns: 3365, Time: 00:16:20

Health: 0/61       AC: 11    Str: 22    XL:     7   Next: 75%
Magic:  0/6        EV: 11    Int:  5    God:    Qazlal [......]
Gold:   273        SH:  6    Dex: 10    Spells: 6/6 levels left

rFire   . . .      SeeInvis .    a - +1 war axe
rCold   . . .      Faith    .    c - +1 buckler
rNeg    . . .      Spirit   +    j - +5 ring mail of True Grit {Regen+}
rPois   .          Reflect  .    (helmet restricted)
rElec   .          Harm     .    (no cloak)
rCorr   .          Rampage  .    (no gloves)
Will    .....                    (no boots)
Stlth   +.........               v - amulet of guardian spirit
HPRegen 1.10/turn                (no ring)
MPRegen 0.10/turn                (no ring)

@: no status effects
A: horns 2, retaliatory headbutt
a: Renounce Religion


You were on level 5 of the Dungeon.
You worshipped Qazlal.
Qazlal was noncommittal.
You visited 2 branches of the dungeon, and saw 7 of its levels.

You collected 273 gold pieces.

Inventory:

Hand Weapons
 a - a +1 war axe (weapon)
 o - a +5 dagger of speed
 u - a +0 dagger
Missiles
 k - 62 stones (quivered)
 r - 2 poisoned darts
 A - 2 throwing nets
Armour
 b - a +0 scale mail
 c - a +1 buckler (worn)
 e - a +0 plate armour
 j - the +5 ring mail of True Grit (worn) {Regen+}
   (You found it on level 2 of the Dungeon)

   Regen:     It increases your rate of health regeneration.
Jewellery
 l - a ring of protection from fire
 v - an amulet of guardian spirit (around neck)
Wands
 s - a wand of flame (15)
 x - a wand of paralysis (2)
Scrolls
 g - 4 scrolls of teleportation
 i - 2 scrolls of magic mapping
 w - a scroll of enchant weapon
 y - a scroll of amnesia
 z - a scroll of identify
Potions
 d - a potion of might
 f - a potion of invisibility
 h - 2 potions of haste
 m - a potion of brilliance
 n - a potion of curing
 p - 2 potions of flight
 q - a potion of lignification
 t - 3 potions of heal wounds


   Skills:
 + Level 5.6 Fighting
 + Level 6.6 Axes
 + Level 0.1 Throwing
 + Level 6.1 Armour
 + Level 2.1 Dodging
 + Level 0.4 Stealth
 + Level 5.7 Shields


You had 6 spell levels left.
You didn't know any spells.
Your spell library contained the following spells:

 Spells                   Type           Power      Damage    Failure   Level
 Slow                     Hex            0%         N/A       71%         1
 Confusing Touch          Hex            0%         N/A       97%         3
 Vampiric Draining        Necr           0%         2d6       97%         3


Dungeon Overview and Level Annotations

Branches:
Dungeon (6/15)             Temple (1/1) D:4

Altars:
Ashenzari
Gozag
Hepliaklqana
Nemelex Xobeh
Okawaru
Qazlal
Uskayaw
Vehumet
Wu Jian

Shops:
D:2 [


Innate Abilities, Weirdness & Mutations

You have a pair of horns on your head.
You reflexively headbutt those who attack you in melee.


Message History

You barely miss the iguana. Your headbutt misses the iguana.
The iguana is almost dead.
You hit the gnoll bouda. The iguana completely misses you.
You furiously retaliate!
You headbutt the iguana!
You kill the iguana!
Qazlal accepts your kill. The gnoll bouda closely misses you.
The gnoll bouda barks out a call to the hunt!
The gnoll picks up the pace!
Okawaru sends forces against you!
A cyclops, an orc warrior, an orc and an orc wizard come into view.
You hit the cyclops.
The cyclops is lightly wounded.
You slash the gnoll bouda! You block the gnoll bouda's attack.
You hit the cyclops but do no damage. You headbutt the cyclops.
The cyclops is lightly wounded.
You barely miss the gnoll bouda.
The gnoll bouda hits you with a +0 club.
You hit the cyclops but do no damage.
The cyclops is lightly wounded.
You barely miss the gnoll bouda. The cyclops hits you!
The gnoll bouda closely misses you.
You barely miss the cyclops.
The cyclops is lightly wounded.
You hit the gnoll bouda.
The gnoll bouda prays to its god.
The gnoll bouda is healed somewhat.
The orc wizard casts a spell.
The orc wizard flickers and vanishes!
Deactivating autopickup; reactivate with Ctrl-A.
The cyclops hits you!!
* * * LOW HITPOINT WARNING * * *
The gnoll bouda closely misses you. You furiously retaliate!
You headbutt the gnoll bouda!
You kill the gnoll bouda!
Qazlal accepts your kill.
You hit the cyclops but do no damage.
The cyclops is lightly wounded.
The cyclops hits you!!
You die...

#.# #.### #.#
#.#.. ..# #.#.#
#.. #.######.#.#
#.# .......[.#.#
#># ..##.###.#.#
#.# #..o####.###.#
#<.go@C......#
#......{####.###.#
###.##..# #.# #.
#..# #.# # #..#
... #... ... #.###
#.## #.# ...


You could see a cyclops, an orc warrior, a gnoll (swift) and an orc.

Vanquished Creatures
  Grinder (D:4)
  An ogre (D:3)
  A howler monkey (D:4)
  A hound (D:4)
  A jelly (D:4)
  2 gnoll boudas
  Jessica (D:2)
  Ijyb (D:4)
  2 iguanas
  Natasha (thrice) (D:2)
  3 adders
  13 gnolls
  An ufetubus (D:4)
  A worm (D:2)
  5 dart slugs
  10 orcs
  8 ball pythons
  6 endoplasms
  4 giant cockroaches
  5 goblins
  9 hobgoblins
  7 kobolds
  8 quokkas
  4 bats
  A frilled lizard (D:1)
  5 rats
104 creatures vanquished.

Vanquished Creatures (others)
  2 fungi (D:4)
  28 plants (D:3)
  5 toadstools (D:4)
35 creatures vanquished.

Grand Total: 139 creatures vanquished

Notes
Turn   | Place    | Note
-------+----------+-------------------------------------------
     0 | D:1      | jlumianski the Minotaur Fighter began the quest for the
                  | Orb.
     0 | D:1      | Reached XP level 1. HP: 19/19 MP: 0/0
    71 | D:1      | Reached XP level 2. HP: 27/27 MP: 1/1
   210 | D:1      | Reached XP level 3. HP: 32/33 MP: 2/2
   296 | D:2      | Identified the +5 ring mail of True Grit {Regen+}
   762 | D:2      | Noticed Natasha
   778 | D:2      | Killed Natasha
   779 | D:2      | Reached XP level 4. HP: 41/41 MP: 3/3
  1178 | D:2      | Found Vyulejar's Armour Shoppe.
  1179 | D:2      | Noticed Jessica
  1179 | D:2      | Noticed Natasha
  1204 | D:2      | Killed Natasha
  1210 | D:2      | Killed Jessica
  1211 | D:2      | Reached XP level 5. HP: 40/47 MP: 4/4
  1284 | D:2      | Noticed Natasha
  1291 | D:2      | Killed Natasha
  1541 | D:3      | Reached skill level 5 in Armour
  1584 | D:3      | Found a hazy altar of Hepliaklqana.
  1584 | D:3      | Found an iron altar of Okawaru.
  1592 | D:3      | Reached skill level 5 in Shields
  1649 | D:3      | Became a worshipper of Warmaster Okawaru
  1679 | D:4      | Noticed an ogre
  2111 | D:3      | Reached XP level 6. HP: 55/55 MP: 5/5
  2793 | D:3      | Reached skill level 5 in Fighting
  2793 | D:3      | Reached skill level 5 in Axes
  2793 | D:3      | Reached skill level 1 in Dodging
  2875 | D:5      | Entered Level 5 of the Dungeon
  2875 | D:5      | Noticed Ijyb
  2886 | D:4      | Killed Ijyb
  3002 | D:4      | Reached XP level 7. HP: 61/61 MP: 6/6
  3123 | D:4      | Found a radiant altar of Vehumet.
  3157 | D:4      | Noticed Grinder
  3172 | D:4      | Paralysed by Grinder for 3 turns
  3176 | D:4      | Killed Grinder
  3176 | D:4      | Reached * piety under Okawaru
  3186 | D:4      | Found a staircase to the Ecumenical Temple.
  3204 | Temple   | Entered the Ecumenical Temple
  3253 | Temple   | Fell from the grace of Okawaru
  3253 | Temple   | Became a worshipper of Qazlal Stormbringer
  3361 | D:5      | Noticed a cyclops
  3365 | D:5      | Slain by a cyclops

Illustrated notes

Levels and vault maps discovered:
D:1:      evilmike_arrival_rings, layout_basic
D:2:      layout_rooms, serial_shops, shop_statue, uniq_natasha, uniq_jessica
D:3:      layout_basic, nicolae_overflow_two_pavilions, serial_bayou_lake_a
D:4:      layout_loops_ring, mainiacjoe_overflow_alcove_2,
          minmay_temple_entry_purple_smoke, minmay_gold_behind_fungi,
          uniq_grinder
D:5:      kennysheep_big_flooded_room, layout_loops_ring,
          mainiacjoe_overflow_small_starburst, mainiacjoe_overflow_brackets,
          gammafunk_ghost_necromancy, uniq_ijyb, uniq_prince_ribbit1
D:6:      layout_cave_pools, lemuel_doored_altar, overflow_temple_1_default,
          gup_sewer_entry_bowl
Temple:   nicolae_temple_bog_church

Skill      XL: |  1  2  3  4  5  6  7 |
---------------+----------------------+-----
Fighting       | 4 5 |  5.6
Armour         | 4 5 6 |  6.1
Shields        | 4 5 |  5.7
Axes           | 3 4 5 6 |  6.6
Dodging        | 1 2 |  2.1
Throwing       | |  0.1
Stealth        | |  0.4

Action                   |  1- 3 |  4- 6 |  7- 9 || total
-------------------------+-------+-------+-------++-------
Melee: War axe           |    56 |   132 |    55 ||   243
       Headbutt          |     8 |    24 |     9 ||    41
Throw: Stone             |       |     3 |       ||     3
Evoke: Wand              |       |     1 |       ||     1
  Use: Scroll            |       |    11 |       ||    11
       Potion            |       |     2 |       ||     2
Armor: Scale mail        |     3 |       |       ||     3
       Plate armour      |    19 |       |       ||    19
       Ring mail         |     7 |    62 |    14 ||    83
Dodge: Dodged            |    30 |    67 |    29 ||   126
Block: Buckler           |    17 |    39 |    17 ||    73

Table legend: (Time is in decaauts)
 A = Elapsed time spent in this place.
 B = Non-inter-level travel time spent in this place.
 C = Inter-level travel time spent in this place.
 D = Time resting spent in this place.
 E = Time spent auto-exploring this place.
 F = Levels seen in this place.
 G = Mean time per level.
                   A        B        C        D        E       F      G
               +--------+--------+--------+--------+--------+-----+--------+
         Total |   3514 |   3428 |     86 |      4 |   1608 |   7 |  502.0 |
       Dungeon |   3437 |   3351 |     86 |      4 |   1608 |   6 |  572.8 |
        Temple |     76 |     76 |      0 |      0 |      0 |   1 |   76.0 |
               +--------+--------+--------+--------+--------+-----+--------+

Top non-repeatable levels by time:
     D:3: 1170 daAuts
     D:1: 1100 daAuts
     D:2: 605 daAuts
     D:4: 492 daAuts
  Temple: 76 daAuts
     D:5: 64 daAuts
     D:6: 4 daAuts
